 Dungeon Crawl Stone Soup version 0.32-a0-599-gba8f9cf90e (webtiles) character file.

Game seed: 2225843811818277664

159 dialectric the Shield-Bearer (level 5, -4/53 HPs)
             Began as a Troll Fighter on Mar 3, 2024.
             Slain by Edmund
             ... wielding a +2 flail of protection
              (12 damage)
             ... on level 4 of the Dungeon.
             The game lasted 00:02:38 (2131 turns).

dialectric the Shield-Bearer (Troll Fighter)        Turns: 2131, Time: 00:02:39

Health: -4/53      AC: 11    Str: 32    XL:     5   Next: 17%
Magic:  4/4        EV: 10    Int:  4    God:
Gold:   177        SH:  0    Dex:  9    Spells: 4/4 levels left

rFire   . . .        k - +2 flail (protect)
rCold   . . .        (no shield)
rNeg    . . .        b - +0 robe
rPois   .            (helmet restricted)
rElec   .            (no cloak)
rCorr   .            (gloves unavailable)
SInv    .            (boots unavailable)
Will    .....        (no amulet)
Stlth   +            h - +6 ring of strength
HPRegen 1.08/turn    (no ring)
MPRegen 0.09/turn

%: no passive effects
@: under a protective aura
A: large, unfitting armour, claws 3, regeneration 1, shaggy fur 1, tough skin 1
a: no special abilities


You were on level 4 of the Dungeon.
You visited 1 branch of the dungeon, and saw 4 of its levels.

You collected 177 gold pieces.

Inventory:

Hand Weapons
 k - a +2 flail of protection (weapon)
 s - a +0 morningstar
Missiles
 o - 2 poisoned darts (quivered)
Armour
 b - a +0 robe (worn)
 c - a +0 kite shield
Jewellery
 h - a +6 ring of strength (left claw)
Talismans
 r - a maw talisman
Scrolls
 a - a scroll of identify {unknown}
 f - a scroll of acquirement {unknown}
 j - a scroll of revelation {unknown}
 l - a scroll of enchant armour {unknown}
 m - a scroll of noise {unknown}
 n - a scroll of poison {unknown}
Potions
 d - 2 potions of enlightenment {unknown}
 e - 3 potions of invisibility {unknown}
 g - a potion of brilliance {unknown}
 i - 2 potions of degeneration {unknown}
 p - a potion of magic {unknown}
 q - a potion of lignification {unknown}


   Skills:
 + Level 3.1 Fighting
 * Level 2.7 Maces & Flails
 + Level 1.5 Armour
 + Level 3.0 Dodging
 + Level 3.3 Shields


You had 4 spell levels left.
You didn't know any spells.
Your spell library contained the following spells:

 Spells                   Type           Power      Damage    Failure   Level
 Apportation              Tloc           0%         N/A       50%         1
 Necrotise                Necr           0%         1d4       50%         1
 Jinxbite                 Hex            0%         N/A       65%         2
 Dazzling Flash           Conj/Hex       0%         N/A       86%         3
 Vampiric Draining        Necr           0%         2d6       86%         3
 Volatile Blastmotes      Fire/Tloc      0%         2d10      86%         3
 Martyr's Knell           Necr/Summ      0%         N/A       99%         4
 Alistair's Intoxication  Alch           0%         N/A       100%        5
 Curse of Agony           Necr           0%         N/A       100%        5
 Starburst                Conj/Fire      0%         6d3       100%        6
 Maxwell's Capacitive Co  Air            0%         ∞         100%        8


Dungeon Overview and Level Annotations

Branches:
Dungeon (4/15)             Temple (0/1) D:4

Altars:

Annotations:
D:2 1 runed translucent door, Crazy Yiuf
D:4 Edmund


Innate Abilities, Weirdness & Mutations

You are too large for most types of armour.
You have claws for hands.
Your natural rate of healing is unusually fast.
You are covered in fur. (AC +1)
You have tough skin. (AC +1)


Message History

Edmund barely misses you.
You hit Edmund.
Edmund is severely wounded.
Edmund hits you but does no damage.
You hit Edmund but do no damage.
Edmund is severely wounded.
Edmund hits you with a +2 flail of protection.
You hit Edmund.
Edmund is severely wounded.
Edmund barely misses you.
You closely miss Edmund.
Edmund is severely wounded.
Edmund hits you but does no damage. Edmund closely misses you.
You hit Edmund but do no damage.
Edmund is severely wounded.
Edmund hits you but does no damage.
You hit Edmund but do no damage.
Edmund is severely wounded.
Edmund hits you with a +2 flail of protection!
You hit Edmund.
Edmund is severely wounded.
Edmund hits you with a +2 flail of protection.
You barely miss Edmund.
Edmund is severely wounded.
Edmund hits you with a +2 flail of protection!
Edmund hits you with a +2 flail of protection.
You closely miss Edmund.
Edmund is severely wounded.
Edmund hits you but does no damage.
You closely miss Edmund.
Edmund is severely wounded.
Edmund hits you with a +2 flail of protection!
You thump Edmund!
Your weapon exudes an aura of protection.
Edmund is almost dead.
Edmund hits you with a +2 flail of protection!
* * * LOW HITPOINT WARNING * * *
Edmund hits you with a +2 flail of protection!
You die...
Edmund whines, "They better pay attention to me now!"

### #.. #.# #######.#
########.......####
.................># #
.#######.......##.#.#
.# #............###
.# ######...@@....#
## #.........# ##
#.........# .#
#.........# .#
#..../....# .#
#.........# .#
#####..#### .# ... .#


You could see Edmund.

Vanquished Creatures
  Terence (D:2)
  Robin (D:2)
  2 gnolls (D:1)
  3 adders
  2 dart slugs (D:1)
  2 ribbon worms (D:2)
  6 orcs
  2 bats
  3 giant cockroaches
  19 goblins
  7 hobgoblins
  A quokka (D:2)
  4 ball pythons
  A frilled lizard (D:1)
  A kobold (D:3)
  6 rats
61 creatures vanquished.

Notes
Turn   | Place    | Note
-------+----------+-------------------------------------------
     0 | D:1      | dialectric the Troll Fighter began the quest for the Orb.
     0 | D:1      | Reached XP level 1. HP: 22/22 MP: 0/0
   153 | D:1      | Found a faded altar of an unknown god.
   194 | D:1      | Reached XP level 2. HP: 29/29 MP: 1/1
   329 | D:1      | Reached XP level 3. HP: 36/36 MP: 2/2
   625 | D:2      | Reached skill level 1 in Armour
   776 | D:2      | Noticed Terence
   791 | D:2      | Killed Terence
   792 | D:2      | Reached XP level 4. HP: 30/44 MP: 3/3
   845 | D:2      | Noticed Robin
   865 | D:2      | Killed Robin
   989 | D:2      | Found a runed translucent door.
   990 | D:2      | Noticed Crazy Yiuf
  1481 | D:3      | Reached XP level 5. HP: 42/52 MP: 4/4
  2031 | D:4      | Found a staircase to the Ecumenical Temple.
  2097 | D:4      | Noticed Edmund
  2131 | D:4      | Slain by Edmund

Illustrated notes

Levels and vault maps discovered:
D:1:      psy_arrival_basics, layout_rooms, ebering_ecumenical_altar_webs,
          minmay_misc_feat_cross, chequers_serial_rivers_large_b
D:2:      layout_loops_ring, minmay_door_square, uniq_robin,
          uniq_crazy_yiuf_cottage, uniq_terence
D:3:      layout_loops_cross
D:4:      layout_basic, nemelex_spade_bored_becter, minmay_temple_entry_waves,
          serial_shops, nicolae_shop_stone, uniq_pikel, uniq_edmund,
          uniq_natasha

Skill      XL: |  1  2  3  4 |
---------------+-------------+-----
Maces & Flails | 2 |  2.7
Shields        | 3 |  3.3
Armour         | 1 |  1.5
Fighting       | 3 |  3.1
Dodging        | 3 |  3.0

Action                     |  1- 3 |  4- 6 || total
---------------------------+-------+-------++-------
  Melee: Flail             |    96 |   124 ||   220
    Use: Potion            |     1 |       ||     1
         Scroll            |       |     1 ||     1
 Armour: Robe              |    69 |   119 ||   188
  Dodge: Dodged            |    63 |    63 ||   126

Table legend: (Time is in decaauts)
 A = Elapsed time spent in this place.
 B = Non-inter-level travel time spent in this place.
 C = Inter-level travel time spent in this place.
 D = Time resting spent in this place.
 E = Time spent auto-exploring this place.
 F = Levels seen in this place.
 G = Mean time per level.
                   A        B        C        D        E       F      G
               +--------+--------+--------+--------+--------+-----+--------+
         Total |   2193 |   2100 |     93 |      0 |   1540 |   4 |  548.2 |
       Dungeon |   2193 |   2100 |     93 |      0 |   1540 |   4 |  548.2 |
               +--------+--------+--------+--------+--------+-----+--------+

Top non-repeatable levels by time:
     D:2: 826 daAuts
     D:3: 680 daAuts
     D:1: 547 daAuts
     D:4: 138 daAuts
